 Dungeon Crawl Stone Soup version 0.29.1-13-g9f3cf754e1 (webtiles) character file.

Game seed: 11144555859160504183

278 Rikuski the Poker (level 6, -2/53 HPs)
             Began as a Minotaur Berserker on Feb 1, 2023.
             Was a Believer of Trog.
             Slain by Dowan
             ... wielding a +0 dagger
              (4 damage)
             ... on level 3 of the Dungeon.
             The game lasted 00:12:52 (2752 turns).

Rikuski the Poker (Minotaur Berserker)              Turns: 2752, Time: 00:12:53

Health: -2/53      AC:  9    Str: 23    XL:     6   Next: 5%
Magic:  5/5        EV:  8    Int:  4    God:    Trog [**....]
Gold:   247        SH:  0    Dex: 10    Spells: 5/5 levels left

rFire   + . .      SeeInvis .   c - +1 short sword (protect)
rCold   . . .      Faith    .   (no shield)
rNeg    . . .      Spirit   .   l - +0 chain mail
rPois   .          Reflect  .   (helmet restricted)
rElec   .          Harm     .   (no cloak)
rCorr   .          Rampage  .   (no gloves)
Will    .....                   (no boots)
Stlth   ..........              (no amulet)
HPRegen 0.17/turn               t - +4 ring of slaying
MPRegen 0.09/turn               u - ring of protection from fire

@: no status effects
A: horns 2, retaliatory headbutt
a: Renounce Religion, Berserk, Trog's Hand


You were on level 3 of the Dungeon.
You worshipped Trog.
Trog was pleased with you.
You visited 1 branch of the dungeon, and saw 4 of its levels.

You collected 247 gold pieces.

Inventory:

Hand Weapons
 a - a +0 spear
 c - a +1 short sword of protection (weapon)
Missiles
 e - 14 stones (quivered)
 f - 6 poisoned darts
Armour
 b - a +0 animal skin
 h - a +0 helmet
 l - a +0 chain mail (worn)
 m - a +0 ring mail
Jewellery
 t - a +4 ring of slaying (left hand)
 u - a ring of protection from fire (right hand)
 x - a ring of flight
Wands
 v - a wand of roots (10)
 w - a wand of flame (20)
Scrolls
 g - 4 scrolls of vulnerability {unknown}
 i - a scroll of poison {unknown}
 j - a scroll of fog {unknown}
 r - 2 scrolls of identify {unknown}
 y - a scroll of noise {unknown}
Potions
 d - 3 potions of mutation {unknown}
 k - a potion of brilliance {unknown}
 n - 2 potions of haste {unknown}
 o - a potion of magic {unknown}
 p - a potion of attraction {unknown}
 q - a potion of lignification {unknown}
 s - a potion of heal wounds {unknown}


   Skills:
 + Level 4.7 Fighting
 * Level 3.9(5.2) Axes
 * Level 5.4(6.1) Polearms
 + Level 3.7 Armour
 - Level 2.4 Dodging


You had 5 spell levels left.
You didn't know any spells.
Your spell library was empty.

Dungeon Overview and Level Annotations

Branches:
Dungeon (4/15)
 Temple: D:4-7

Altars:
Xom

Annotations:
D:3 Dowan


Innate Abilities, Weirdness & Mutations

You have a pair of horns on your head.
You reflexively headbutt those who attack you in melee.


Message History

You are too injured to fight recklessly!
You are too injured to fight recklessly!
You are too injured to fight recklessly!
You hit Duvessa but do no damage. You headbutt Duvessa.
Duvessa is severely wounded.
Duvessa hits you but does no damage. Dowan hits you with a +0 dagger.
You closely miss Duvessa. You headbutt Duvessa!
Duvessa is almost dead.
Duvessa barely misses you. x2; You furiously retaliate!
You headbutt Duvessa, but do no damage. Dowan hits you with a +0 dagger.
You hit Duvessa. You headbutt Duvessa.
You kill Duvessa!
Trog accepts your kill.
Dowan screams, "No!
Oh no!"
Dowan seems to find hidden reserves of power!
Dowan hits you with a +0 dagger.
Dowan gestures wildly while chanting.
Dowan blinks!
You have reached level 6!
You are too injured to fight recklessly!
You are too injured to fight recklessly!
Dowan gestures wildly while chanting.
Dowan blinks!
Dowan says, "Magic will overcome all!"
Dowan gestures wildly while chanting.
Dowan blinks!
The walls and floor vibrate strangely for a moment.
Dowan attacks as you move away! Dowan hits you with a +0 dagger.
Dowan hits you but does no damage. Dowan hits you but does no damage.
Dowan hits you with a +0 dagger. Dowan attacks as you move away!
Dowan closely misses you.
Dowan points at you and mumbles some strange words.
The stone arrow hits you!
* * * LOW HITPOINT WARNING * * *
Dowan shakes with grief.
Dowan attacks as you move away! Dowan barely misses you.
You furiously retaliate!
You headbutt Dowan. Dowan barely misses you. Dowan attacks as you move away!
Dowan hits you with a +0 dagger.
You die...

##................### #####
##....†.......##...## #...>
############..###..# ##.###
##..###.######..#
##........#...##
##########......###
#...............#
############......#######..#
...............e@.# ####
############......## #
####...........### ####
#####....#########...# #...
......#### ###.# #...
.###### #.# #... ## #.##
#... #..# #... ##.# #...


You could see Dowan (fast).

Vanquished Creatures
  Duvessa (D:3)
  A jelly (D:3)
  An orc priest (D:2)
  Jessica (D:3)
  4 adders
  A worm (D:2)
  A dart slug (D:3)
  4 orcs (D:2)
  3 endoplasms
  2 giant cockroaches (D:3)
  2 goblins
  4 hobgoblins
  3 quokkas (D:3)
  8 ball pythons
  3 bats
  A frilled lizard (D:1)
  3 kobolds
  A rat (D:1)
44 creatures vanquished.

Notes
Turn   | Place    | Note
-------+----------+-------------------------------------------
     0 | D:1      | Rikuski the Minotaur Berserker began the quest for the Orb.
     0 | D:1      | Reached XP level 1. HP: 19/19 MP: 0/0
   253 | D:1      | Reached XP level 2. HP: 27/27 MP: 1/1
   753 | D:2      | Found a shimmering altar of Xom.
   963 | D:2      | Reached skill level 1 in Axes
   963 | D:2      | Reached skill level 4 in Polearms
  1125 | D:2      | Reached XP level 3. HP: 25/33 MP: 2/2
  1494 | D:2      | Reached XP level 4. HP: 29/40 MP: 3/3
  1702 | D:2      | Found a faded altar of an unknown god.
  2126 | D:3      | Reached ** piety under Trog
  2351 | D:3      | Noticed Jessica
  2362 | D:3      | Reached XP level 5. HP: 32/47 MP: 4/4
  2366 | D:3      | Killed Jessica
  2367 | D:3      | Reached skill level 5 in Polearms
  2557 | D:3      | Found a glowing drain.
  2711 | D:4      | Noticed Duvessa
  2711 | D:4      | Noticed Dowan
  2727 | D:3      | Killed Duvessa
  2728 | D:3      | Reached XP level 6. HP: 21/53 MP: 5/5
  2748 | D:3      | HP: 2/53 [Dowan/stone arrow (17)]
  2752 | D:3      | Slain by Dowan

Illustrated notes

Levels and vault maps discovered:
D:1:      saegor_arrival_simple_a, layout_loops_ring
D:2:      cheibrodos_pilgrimage, layout_loops_ring,
          chequers_ecumenical_altar_lobes, basic_altar
D:3:      layout_rooms, portal_sewer_entry_f, uniq_jessica
D:4:      wander_river, layout_basic, ebering_ghost_sewer_f, nrook_campfire,
          minmay_puff, uniq_duvessa, uniq_crazy_yiuf_cottage, uniq_sigmund

Skill      XL: |  1  2  3  4  5 |
---------------+----------------+-----
Axes           | 1 2 3 |  3.9
Polearms       | 4 5 |  5.4
Fighting       | 4 |  4.7
Armour         | 3 |  3.7
Dodging        | |  2.4

Action                   |  1- 3 |  4- 6 || total
-------------------------+-------+-------++-------
Melee: Short sword       |    83 |    69 ||   152
       Headbutt          |     8 |     8 ||    16
Armor: Animal skin       |    16 |       ||    16
       Chain mail        |    30 |    57 ||    87
Dodge: Dodged            |    53 |    38 ||    91
